 Dungeon Crawl Stone Soup version 0.30.1-11-g7821555f0a (webtiles) character file.

Game seed: 7395163244114972266

255 atomiclemming the Shield-Bearer (level 6, -2/42 HPs)
             Began as a Gnoll Wanderer on Nov 14, 2023.
             Was a Believer of Hepliaklqana.
             Slain by a gnoll
             ... wielding a +0 spear
             ... led by a gnoll bouda
              (3 damage)
             ... on level 4 of the Dungeon.
             The game lasted 00:28:40 (2210 turns).

atomiclemming the Shield-Bearer (Gnoll Wanderer)    Turns: 2210, Time: 00:28:41

Health: -2/42      AC: 11    Str: 11    XL:     6   Next: 15%
Magic:  14/14      EV:  2    Int: 11    God:    Hepliaklqana [**....]
Gold:   191        SH:  8    Dex: 14    Spells: 14/15 levels left

rFire   . . .        u - +0 rapier
rCold   . . .        e - +2 buckler
rNeg    . . .        n - +0 plate armour
rPois   .            k - +0 helmet
rElec   .            (no cloak)
rCorr   .            (no gloves)
SInv    +            (no boots)
Will    .....        (no amulet) Stlth
                     s - ring of see invisible
HPRegen 0.27/turn    (no ring)
MPRegen 0.14/turn

%: no passive effects
@: mighty
A: reduced essence, fangs 1, strong nose, distributed training
a: Renounce Religion, Ancestor Life: Knight, Ancestor Life: Battlemage, Ancestor
Life: Hexer, Recall Ancestor, Ancestor Identity


You were on level 4 of the Dungeon.
You worshipped Hepliaklqana.
Hepliaklqana was pleased with you.
You visited 1 branch of the dungeon, and saw 4 of its levels.

You collected 191 gold pieces.

Inventory:

Hand Weapons
 a - a +0 dagger
 f - a +0 sling
 l - a +0 long sword
 o - a +0 short sword
 u - a +0 rapier (weapon)
Missiles
 h - 21 stones
Armour
 d - a +0 leather armour
 e - a +2 buckler (worn)
 j - a +1 scale mail
 k - a +0 helmet (worn)
 n - a +0 plate armour (worn)
Jewellery
 s - a ring of see invisible (left hand)
 v - the amulet of Elemental Vulnerability {rPois rF-- rC-- AC+8}
   (You found it on level 4 of the Dungeon)

   [amulet of nothing]

   AC:        It affects your AC (+8).
   rF:        It makes you very vulnerable to fire.
   rC:        It makes you very vulnerable to cold.
   rPois:     It protects you from poison.
Wands
 b - a wand of polymorph (5)
Scrolls
 q - a scroll of identify
 t - a scroll of amnesia
Potions
 c - a potion of berserk rage
 i - 2 potions of attraction
 p - a potion of haste {unknown}
 r - 2 potions of invisibility


   Skills:
 + Level 3.2 Fighting
 + Level 1.9 Short Blades
 + Level 1.9 Long Blades
 + Level 1.9 Axes
 + Level 1.9 Maces & Flails
 + Level 1.9 Polearms
 + Level 1.9 Staves
 + Level 1.9 Ranged Weapons
 + Level 1.9 Throwing
 + Level 1.9 Armour
 + Level 1.9 Dodging
 + Level 3.0 Stealth
 + Level 6.8 Shields
 + Level 1.9 Unarmed Combat
 + Level 5.3 Spellcasting
 + Level 1.5 Conjurations
 + Level 1.5 Hexes
 + Level 1.5 Summonings
 + Level 1.5 Necromancy
 + Level 1.5 Translocations
 + Level 1.5 Transmutations
 + Level 1.5 Fire Magic
 + Level 2.6 Ice Magic
 + Level 1.5 Air Magic
 + Level 1.5 Earth Magic
 + Level 1.5 Poison Magic
 + Level 2.1 Invocations
 + Level 4.9 Evocations


You had 14 spell levels left.
You knew the following spells:

 Your Spells              Type           Power      Damage    Failure   Level
a - Freeze                Ice            32%        1d5       100%        1

Your spell library contained the following spells:

 Spells                   Type           Power      Damage    Failure   Level
 Magic Dart               Conj           24%        1d4       100%        1
 Blink                    Tloc           12%        N/A       100%        2
 Ensorcelled Hibernation  Hex/Ice        14%        N/A       100%        2
 Lesser Beckoning         Tloc           12%        N/A       100%        2
 Momentum Strike          Conj/Tloc      12%        3d8       100%        2
 Searing Ray              Conj           12%        2d4       100%        2
 Hailstorm                Conj/Ice       7%         3d4       100%        3
 Spider Form              Tmut/Pois      6%         N/A       100%        3
 Anguish                  Hex/Necr       3%         N/A       100%        4
 Fulminant Prism          Conj/Hex       3%         3d5       100%        4


Dungeon Overview and Level Annotations

Branches:
Dungeon (4/15)
 Temple: D:4-7

Altars:
Hepliaklqana


Innate Abilities, Weirdness & Mutations

Your life essence is reduced to manifest your ancestor. (-10% HP)
You have very sharp teeth.
Your uncanny sense of smell can sniff out nearby items.
Your experience applies equally to all skills.


Message History

The gnoll hits you but does no damage. You block the gnoll bouda's attack.
The endoplasm hits you but does no damage.
The gnoll hits Si-Tayit with a +0 spear!
Si-Tayit hits the gnoll.
The gnoll hits you but does no damage.
The gnoll bouda calls upon its god to heal the gnoll.
The gnoll is healed somewhat.
The endoplasm hits you but does no damage.
The endoplasm attacks as you move away!
The endoplasm hits you but does no damage.
The endoplasm barely misses Si-Tayit.
As you read the scroll of identify, it crumbles to dust.
g - a potion of might Your attacks no longer feel as feeble.
You block the gnoll's attack.
The gnoll bouda hits Si-Tayit with a +0 whip.
The endoplasm hits Si-Tayit.
You feel very mighty all of a sudden.
Si-Tayit barely misses the gnoll bouda.
The gnoll hits you from afar with a +0 spear.
* * * LOW HITPOINT WARNING * * *
The gnoll bouda misses Si-Tayit.
The endoplasm hits Si-Tayit but does no damage.
Okay, then.
The gnoll hits you from afar with a +0 spear.
* * * LOW HITPOINT WARNING * * *
Si-Tayit hits the endoplasm.
The endoplasm dies!
You block the gnoll's attack. The gnoll hits you but does no damage.
The gnoll bouda hits Si-Tayit with a +0 whip!
Si-Tayit is destroyed!
You hit the gnoll. You bite the gnoll!
The gnoll is severely wounded.
The gnoll is no longer moving quickly.
The gnoll hits you from afar with a +0 spear.
* * * LOW HITPOINT WARNING * * *
You block the gnoll's attack.
The gnoll hits you but does no damage. x2
You closely miss the gnoll.
The gnoll is severely wounded.
The gnoll hits you from afar with a +0 spear.
You die...

......# # ......# ..
##(.....# ... #.......#
....###.......#
......#)......##..
#.gg.........# #.
###ggg....#... ..
#..@###.#....# #.
..#.#........# #.
...............# ####.
.....#.........# .....
.....##.###..#.## ##..
..........#.#.#.######...
.....................(.#.
..........#<#.#.#...†....
..............).....##


You could see a gnoll bouda and 4 gnolls.

Vanquished Creatures
  A hound (D:4)
  An iguana (D:4)
  3 adders
  2 worms (D:2)
  3 dart slugs (D:1)
  4 ball pythons
  5 bats
  2 endoplasms (D:1)
  2 giant cockroaches
  4 goblins
  3 hobgoblins (D:1)
  2 jackals (D:1)
  2 quokkas (D:1)
  3 frilled lizards
  2 kobolds
  A rat (D:1)
40 creatures vanquished.

Vanquished Creatures (collateral kills)
  A scorpion (D:3)
  A hound (D:4)
  2 adders
  A dart slug (D:3)
  An orc (D:3)
  A bat (D:3)
  An endoplasm (D:4)
  A giant cockroach (D:3)
  A goblin (D:3)
  A hobgoblin (D:2)
  A kobold (D:2)
  A ball python (D:2)
13 creatures vanquished.

Vanquished Creatures (others)
  An ancestor (D:4)
1 creature vanquished.

Grand Total: 54 creatures vanquished

Notes
Turn   | Place    | Note
-------+----------+-------------------------------------------
     0 | D:1      | atomiclemming the Gnoll Wanderer began the quest for the
                  | Orb.
     0 | D:1      | atomiclemming set off with the following items: a +0
                  | dagger, a wand of polymorph (5), a potion of berserk rage,
                  | a +0 leather armour, a +2 buckler; and the following spell
                  | memorised: Freeze; and the following spells available to
                  | memorise: Hailstorm.
     0 | D:1      | Reached XP level 1. HP: 17/17 MP: 6/6
   161 | D:1      | Reached XP level 2. HP: 23/23 MP: 5/7
   552 | D:1      | Reached skill level 5 in Spellcasting
   552 | D:1      | Reached XP level 3. HP: 23/28 MP: 7/9
   894 | D:2      | You fall into a shaft and drop 2 floors!
   990 | D:2      | Reached skill level 1 in Invocations
  1033 | D:2      | Found a faded altar of an unknown god.
  1068 | D:2      | Prayed at the altar of an unknown god.
  1068 | D:2      | Became a worshipper of Hepliaklqana the Forgotten
  1068 | D:2      | Reached * piety under Hepliaklqana
  1219 | D:2      | Reached skill level 1 in Short Blades
  1219 | D:2      | Reached skill level 1 in Long Blades
  1219 | D:2      | Reached skill level 1 in Axes
  1219 | D:2      | Reached skill level 1 in Maces & Flails
  1219 | D:2      | Reached skill level 1 in Polearms
  1219 | D:2      | Reached skill level 1 in Staves
  1219 | D:2      | Reached skill level 1 in Ranged Weapons
  1219 | D:2      | Reached skill level 1 in Throwing
  1219 | D:2      | Reached skill level 1 in Armour
  1219 | D:2      | Reached skill level 1 in Dodging
  1219 | D:2      | Reached skill level 1 in Unarmed Combat
  1451 | D:2      | Reached XP level 4. HP: 30/30 MP: 11/11
  1670 | D:3      | Reached skill level 1 in Conjurations
  1670 | D:3      | Reached skill level 1 in Hexes
  1670 | D:3      | Reached skill level 1 in Summonings
  1670 | D:3      | Reached skill level 1 in Necromancy
  1670 | D:3      | Reached skill level 1 in Translocations
  1670 | D:3      | Reached skill level 1 in Transmutations
  1670 | D:3      | Reached skill level 1 in Fire Magic
  1670 | D:3      | Reached skill level 1 in Air Magic
  1670 | D:3      | Reached skill level 1 in Earth Magic
  1670 | D:3      | Reached skill level 1 in Poison Magic
  1815 | D:4      | Found the amulet of Elemental Vulnerability {rPois rF--
                  | rC-- AC+8}
  1892 | D:4      | Reached XP level 5. HP: 30/36 MP: 12/12
  2175 | D:4      | Reached XP level 6. HP: 37/42 MP: 14/14
  2197 | D:4      | Reached ** piety under Hepliaklqana
  2209 | D:4      | HP: 1/42 [gnoll/+0 spear[a gnoll bouda] (4)]
  2210 | D:4      | Slain by a gnoll

Illustrated notes

Levels and vault maps discovered:
D:1:      dpeg_arrival_signposts, layout_basic, hex_tiny
D:2:      layout_loops_ring, basic_ecumenical_altar
D:3:      layout_basic
D:4:      layout_rooms, mainiacjoe_overflow_six_doors_small, st_stairs_8,
          minmay_misc_feat_tower

Skill      XL: |  1  2  3  4  5 |
---------------+----------------+-----
Ice Magic      | 2 |  2.6
Spellcasting   | 5 |  5.3
Invocations    | 1 2 |  2.1
Short Blades   | 1 |  1.9
Long Blades    | 1 |  1.9
Axes           | 1 |  1.9
Maces & Flails | 1 |  1.9
Polearms       | 1 |  1.9
Staves         | 1 |  1.9
Ranged Weapons | 1 |  1.9
Throwing       | 1 |  1.9
Armour         | 1 |  1.9
Dodging        | 1 |  1.9
Unarmed Combat | 1 |  1.9
Conjurations   | 1 |  1.5
Hexes          | 1 |  1.5
Summonings     | 1 |  1.5
Necromancy     | 1 |  1.5
Translocations | 1 |  1.5
Transmutations | 1 |  1.5
Fire Magic     | 1 |  1.5
Air Magic      | 1 |  1.5
Earth Magic    | 1 |  1.5
Poison Magic   | 1 |  1.5
Fighting       | 3 |  3.2
Stealth        | 3 |  3.0
Shields        | |  6.8
Evocations     | |  4.9

Action                     |  1- 3 |  4- 6 || total
---------------------------+-------+-------++-------
  Melee: Dagger            |   144 |       ||   144
         Bite              |    25 |    11 ||    36
         Short sword       |    63 |    40 ||   103
         Rapier            |       |    93 ||    93
   Cast: Freeze            |     1 |       ||     1
    Use: Potion            |     1 |     4 ||     5
         Scroll            |     4 |     3 ||     7
   Stab: Distracted        |       |     1 ||     1
 Armour: Leather armour    |     8 |       ||     8
         Scale mail        |    28 |       ||    28
         Plate armour      |    62 |   154 ||   216
  Dodge: Dodged            |    61 |     9 ||    70
  Block: Buckler           |    83 |    87 ||   170
